Map: Catalyst LE

Players

Pain

  • Race: Terran Terran
  • Spawn Location: 5:00

A.I. 1 (Easy)

  • Race: Terran Terran
  • Spawn Location: 11:00

VOD

Have the link to the VOD?

Description

Time

  • Played on: March 15, 2018, 11:45 a.m.
  • Length: 18:37
Show
View Real Time Build Order
Export as new Build Order

Pain Terran 

Build Orders:  

Get SALT Encoding   

  12  0:06  Orbital Command  
    0:19  SCV x12  
    0:32  SCV  
  13  0:50  Supply Depot  
  13  0:52  SCV  
  14  1:07  Refinery  
  14  1:08  SCV  
  15  1:19  Barracks  
  15  1:32  SCV  
  16  1:44  SCV  
  17  1:57  SCV  
  18  2:11  Barracks Reactor  
  18  2:13  Orbital Command  
  18  2:26  Command Center  
  18  2:40  Factory  
  18  2:47  Marine x2  
  20  3:01  Supply Depot  
  20  3:05  Marine x2  
  20  3:11  SCV  
  23  3:16  Refinery  
  23  3:23  Marine x2, SCV  
  26  3:35  SCV  
  27  3:41  SCV  
  28  3:52  Starport  
  28  3:53  SCV  
  29  3:57  Factory Tech Lab  
  30  4:18  Orbital Command  
  30  4:20  SCV  
  30  4:28  Liberator  
  30  4:31  Siege Tank  
  30  4:32  SCV  
  34  4:44  SCV  
  35  4:52  Supply Depot  
  38  4:55  SCV  
  38  4:57  SCV  
  40  5:03  Siege Tank  
  44  5:07  SCV  
  44  5:09  SCV  
  45  5:21  Marine x2  
  47  5:32  SCV  
  48  5:35  Siege Tank  
  48  5:39  Marine x2  
  53  5:44  SCV  
  54  5:53  Supply Depot  
  54  6:05  SCV  
  53  6:15  Supply Depot  
  53  6:17  SCV  
  54  6:29  SCV  
  55  6:41  SCV  
  56  7:00  Supply Depot, SCV  
  57  7:10  Barracks  
  57  7:32  SCV x2  
  59  7:44  SCV x2  
  61  7:56  SCV  
  62  7:59  Barracks  
  62  8:29  Barracks Reactor  
  62  8:33  Refinery  
  62  8:36  Refinery  
  62  8:42  Marine x2, Engineering Bay  
  62  8:46  Siege Tank  
  67  9:00  Marine x2  
  69  9:08  Marine x2  
  71  9:18  Marine x2, Siege Tank  
  76  9:25  Supply Depot  
  76  9:26  Marine x2  
  76  9:27  Supply Depot  
  76  9:29  Supply Depot  
  78  9:32  SCV  
  79  9:44  SCV  
  80  9:50  Siege Tank  
  83  9:56  SCV  
  84  10:00  Terran Infantry Weapons Level 1  
  84  10:07  Barracks  
  84  10:08  SCV  
  85  10:15  Marine x3  
  85  10:19  Medivac  
  85  10:20  SCV  
  91  10:22  Siege Tank  
  94  10:33  Marine x3  
  94  10:34  Marine x2  
  99  10:49  Medivac  
  101  10:54  Siege Tank  
  101  10:55  Barracks  
  104  11:01  Barracks Tech Lab  
  104  11:04  Barracks Tech Lab  
  104  11:08  SCV  
  105  11:19  Medivac  
  105  11:21  SCV, Combat Shields  
  108  11:28  Stimpack  
  108  11:31  Supply Depot  
  108  11:33  SCV  
  109  11:42  Siege Tank  
  109  11:45  Marine, SCV  
  109  11:46  Marine x4  
  118  11:49  Medivac  
  120  11:55  Supply Depot  
  120  12:08  Barracks Reactor  
  120  12:14  Siege Tank  
  123  12:18  Marine x6  
  123  12:19  Medivac  
  131  12:36  Marine x6  
  137  12:37  Terran Infantry Armor Level 1  
  137  12:46  Siege Tank  
  137  12:49  Medivac  
  142  12:59  Supply Depot  
  142  13:05  Marine x2  
  142  13:07  Marine x4  
  148  13:18  Medivac  
  150  13:20  Siege Tank  
  150  13:21  Supply Depot  
  150  13:23  Marine x2  
  150  13:24  Marine  
  150  13:25  Marine  
  154  13:43  Supply Depot  
  154  13:48  Medivac  
  154  13:52  Siege Tank  
  159  14:18  Medivac  
  161  14:24  Siege Tank  
  164  14:48  Medivac  
  166  14:56  Siege Tank  
  169  15:09  Supply Depot  
  169  15:12  Marine  
  169  15:13  Marine x4  
  174  15:14  Marine  
  175  15:28  Siege Tank  
  175  15:33  Supply Depot  
  178  15:41  Marine x6  
  184  15:46  Viking  
  186  15:57  Supply Depot  
  186  15:58  Marine  
  186  16:01  Siege Tank  
  190  16:16  Viking  
  192  16:33  Siege Tank  
  195  16:43  SCV x2  
  195  16:46  Viking  
  199  16:55  SCV  
Show
View Real Time Build Order
Export as new Build Order

A.I. 1 (Easy) Terran 

Build Orders: Command Center First (CC) 

Get SALT Encoding   

    0:19  SCV x12  
    0:31  Unknown, SCV  
  13  0:44  SCV  
  14  0:50  Supply Depot  
  14  0:56  SCV  
  15  1:11  SCV  
  16  1:23  SCV  
  17  1:34  Command Center  
  17  1:43  Barracks  
  17  1:48  Refinery  
  17  1:59  Supply Depot  
  17  2:09  Refinery  
  17  2:29  Marine  
  18  2:44  SCV  
  19  2:48  Barracks Tech Lab  
  19  2:49  SCV  
  20  2:56  SCV  
  21  3:01  SCV  
  22  3:06  Marine  
  22  3:08  SCV  
  24  3:24  Marine  
  25  3:43  Marauder  
  27  4:04  Marauder  
  29  5:25  Marine, SCV  
  29  5:27  Factory  
  31  5:29  Supply Depot, SCV  
  32  5:37  SCV  
  32  5:41  SCV  
  34  5:43  Marine  
  35  6:00  Marine  
  29  6:12  Starport  
  29  6:19  Marauder  
  31  6:40  Marauder  
  33  6:49  Starport Tech Lab  
  33  7:02  Marauder  
  35  7:09  Raven  
  37  7:22  Marine  
  37  7:28  Command Center  
  38  7:40  Marine  
  35  7:51  Raven  
  35  7:58  Marine  
  34  8:16  Marine  
  28  8:34  Marauder  
  28  8:55  Marine  
  26  9:12  SCV  
  26  9:13  Marauder  
  28  9:21  SCV  
  27  9:34  Marine  
  25  9:52  Marine  
  23  10:10  Marine  
  23  10:13  SCV  
  23  10:25  Medivac  
  23  10:26  SCV  
  23  10:27  Armory  
  23  10:28  Marine  
  26  10:29  Supply Depot  
  26  10:42  SCV  
  26  10:47  SCV  
  26  10:51  SCV  
  26  10:55  SCV, Medivac  
  28  11:00  SCV  
  28  11:04  Marine, SCV  
  29  11:08  Fusion Core, SCV  
  30  11:12  SCV  
  30  11:16  Terran Ship Weapons Level 1  
  30  11:17  SCV  
  30  11:21  SCV  
  30  11:25  Raven, SCV  
  31  11:30  SCV  
  32  11:34  SCV  
  32  11:38  SCV  
  32  11:42  SCV  
  32  11:47  SCV  
  32  11:51  SCV  
  32  11:55  SCV  
  32  12:00  SCV  
  32  12:04  SCV  
  32  12:08  Battlecruiser, SCV  
  32  12:12  SCV  
  38  12:17  SCV  
  38  12:21  SCV  
  38  12:25  SCV  
  38  12:30  SCV  
  38  12:34  SCV  
  38  12:39  SCV  
  38  12:43  SCV  
  39  12:47  SCV  
  38  12:52  SCV  
  38  12:56  SCV  
  39  13:01  SCV  
  39  13:05  SCV  
  40  13:09  SCV  
  47  13:13  Battlecruiser  
  47  13:14  SCV  
  47  13:18  SCV  
  47  13:23  SCV  
  48  13:27  SCV  
  48  13:29  Marine  
  48  13:31  SCV  
  47  13:36  SCV  
  31  13:44  Hellion, SCV  
  34  13:49  SCV  
  34  13:57  SCV  
  34  13:59  Marauder  
  39  14:19  Marine  
  24  14:37  Marine  
Tags
 
Matchup
TvT
Race
Terran
Replay Pack
RP
Spawn Locations
Cross Positions
Add a new tag
Caveats
  • Supply blocks, unpowered buildings, or Contaminate may cause inaccurate times.
  • Supply counts are checked every 10 seconds.